AoeStats
← Lady Macbeth

Arabia

506439288Analyzed
2v2 RM · 19d ago on Sep 13, 2026· 75m 38s· 4 players
Game mode
Random Map
Map size
Medium (4 player)
Population
200
Speed
Normal
Resources
Standard
Victory
Conquest
Starting age
Dark Age
Ending age
Imperial Age
RankedLock teamsTeams togetherTeam positionsShared explorationLock speedFull tech treeHidden civsTurbo modeCheats
Victory
Defeat
🇦🇿 Chinese · Azerbaijan
819
+15
🇦🇿 Teutons · Azerbaijan
818
+15
🇪🇸 Aztecs · Spain
812
-16
🇪🇸 Franks · Spain
762
-14
frape.97
2:30 Loom
11:08 Feudal Age
11:38 Arson
12:34 Wheelbarrow
11:52 Double-Bit Axe
13:36 Town Watch
13:37 Horse Collar
14:28 Gold Mining
24:28 Castle Age
26:10 Eagle Warrior
26:12 Pikeman
26:53 Squires
32:33 Elite Skirmisher
34:38 Heavy Plow
34:52 Bow Saw
37:12 Gold Shaft Mining
36:27 Stone Mining
38:24 Padded Archer Armor
38:14 Fletching
38:34 Forging
38:25 Scale Mail Armor
40:38 Ballistics
40:14 Murder Holes
41:24 Leather Archer Armor
41:04 Bodkin Arrow
41:12 Atlatl
42:59 Iron Casting
42:41 Chain Mail Armor
43:38 Hand Cart
48:20 Imperial Age
45:56 Town Patrol
47:13 Stone Shaft Mining
46:53 Caravan
47:23 Coinage
49:30 Conscription
49:31 Garland Wars
50:20 Chemistry
49:29 Bracer
50:29 Blast Furnace
49:59 Plate Mail Armor
50:24 Elite Jaguar Warrior
51:39 Banking
54:56 Elite Eagle Warrior
Lady Macbeth
1:12 Loom
10:53 Feudal Age
12:56 Wheelbarrow
14:08 Double-Bit Axe
21:23 Castle Age
20:37 Scale Barding Armor
22:09 Forging
21:47 Light Cavalry
23:31 Town Watch
25:31 Husbandry
26:19 Stone Mining
26:20 Gold Mining
28:01 Iron Casting
33:08 Hand Cart
32:54 Town Patrol
34:40 Bow Saw
38:53 Imperial Age
37:04 Elite Skirmisher
39:01 Cavalier
42:40 Chemistry
42:01 Ballistics
44:01 Conscription
45:01 Fletching
45:11 Padded Archer Armor
46:12 Blast Furnace
45:12 Scale Mail Armor
46:12 Paladin
48:51 Chain Barding Armor
49:17 Chivalry
50:05 Gold Shaft Mining
49:52 Chain Mail Armor
54:59 Plate Barding Armor
54:20 Bodkin Arrow
54:41 Leather Archer Armor
54:56 Plate Mail Armor
67:58 Coinage
69:31 Fortified Wall
72:07 Crossbowman
74:03 Pikeman
74:43 Squires
74:29 Arson
jafar.najafov
0:33 Loom
9:55 Feudal Age
10:24 Double-Bit Axe
11:55 Wheelbarrow
16:29 Gold Mining
16:24 Horse Collar
23:42 Castle Age
21:31 Town Watch
25:12 Bow Saw
25:05 Heavy Plow
25:06 Stone Mining
25:58 Gold Shaft Mining
30:08 Stone Shaft Mining
32:06 Imperial Age
30:05 Masonry
30:29 Murder Holes
33:48 Hand Cart
34:35 Two-Man Saw
33:55 Sappers
35:43 Squires
35:33 Arrowslits
36:26 Scale Mail Armor
36:36 Forging
36:27 Padded Archer Armor
36:18 Fletching
36:25 Arson
37:01 Pikeman
43:07 Conscription
43:23 Elite Chu Ko Nu
45:28 Bodkin Arrow
45:48 Leather Archer Armor
45:49 Chain Mail Armor
46:10 Iron Casting
45:33 Heated Shot
47:55 Ring Archer Armor
47:25 Bracer
47:04 Halberdier
50:24 Thumb Ring
49:44 Elite Skirmisher
53:49 Plate Mail Armor
54:19 Blast Furnace
53:44 Ballistics
54:26 Chemistry
53:58 Sanctity
54:06 Town Patrol
54:47 Architecture
75:55 Caravan
76:26 Coinage
76:08 Great Wall
Muhammed Alparslan
1:04 Loom
11:18 Feudal Age
12:04 Double-Bit Axe
12:31 Man-at-Arms
13:52 Horse Collar
15:49 Forging
22:36 Castle Age
27:39 Bow Saw
28:13 Pikeman
31:22 Scale Mail Armor
33:14 Wheelbarrow
32:26 Town Watch
33:20 Gold Mining
33:20 Stone Mining
33:52 Squires
36:49 Caravan
37:36 Stone Shaft Mining
37:33 Heavy Plow
38:21 Chain Mail Armor
38:43 Iron Casting
39:48 Bloodlines
40:30 Ballistics
40:58 Scale Barding Armor
44:56 Imperial Age
44:01 Chain Barding Armor
44:13 Hand Cart
44:27 Fletching
46:00 Conscription
46:14 Crop Rotation
46:47 Two-Man Saw
47:06 Chemistry
45:58 Cavalier
48:26 Blast Furnace
48:37 Plate Barding Armor
50:14 Elite Teutonic Knight
51:25 Ironclad
54:41 Plate Mail Armor
54:07 Bodkin Arrow
64:07 Crenellations
64:37 Padded Archer Armor
Connection lost

Rejoining the realm…

Still unreachable

The connection could not be restored.

Session expired

The server has moved on; the page needs a fresh start.